 Dungeon Crawl Stone Soup version 0.29.0-11-gd7f09526c8 (webtiles) character file.

Game seed: 6206278740879270900

64 sanka the Trooper (level 4, 0/49 HPs)
             Began as an Ogre Enchanter on Sept 6, 2022.
             Slain by a goblin
             ... wielding a +0 dagger
             ... led by Robin
              (2 damage)
             ... on level 2 of the Dungeon.
             The game lasted 00:02:42 (2632 turns).

sanka the Trooper (Ogre Enchanter)                  Turns: 2632, Time: 00:02:43

Health: 0/49       AC:  4    Str: 12    XL:     4   Next: 12%
Magic:  7/7        EV:  9    Int: 18    God:
Gold:   71         SH:  0    Dex:  9    Spells: 7/7 levels left

rFire   . . .      SeeInvis .   a - +1 dagger
rCold   . . .      Faith    .   (no shield)
rNeg    . . .      Spirit   .   b - +0 robe
rPois   .          Reflect  .   (helmet restricted)
rElec   .          Harm     .   j - +0 cloak
rCorr   .          Rampage  .   (gloves unavailable)
Will    .....                   (boots unavailable)
Stlth   ++........              (no amulet)
HPRegen 0.16/turn               (no ring)
MPRegen 0.10/turn               g - ring of flight

@: flying
A: large, unfitting armour, tough skin 1
a: no special abilities


You were on level 2 of the Dungeon.
You visited 1 branch of the dungeon, and saw 3 of its levels.

You collected 71 gold pieces.


Innate Abilities, Weirdness & Mutations

You are too large for most types of armour.
You have tough skin. (AC +1)


   Skills:
 + Level 4.8 Fighting
 - Level 0.8 Short Blades
 - Level 1.7 Dodging
 - Level 2.1 Stealth
 - Level 2.4 Spellcasting
 - Level 2.6 Hexes


You had 7 spell levels left.
You didn't know any spells.
Your spell library contained the following spells:

 Spells                   Type           Power      Damage    Failure   Level
 Ensorcelled Hibernation  Hex/Ice        14%        N/A       16%         2
 Confusing Touch          Hex            11%        N/A       17%         3
 Tukima's Dance           Hex            11%        N/A       17%         3
 Dazzling Flash           Conj/Hex       14%        N/A       30%         3

Inventory:

Hand Weapons
 a - a +1 dagger (weapon)
Armour
 b - a +0 robe (worn)
 j - a +0 cloak (worn)
Jewellery
 g - a ring of flight (right hand)
Scrolls
 d - 2 scrolls of identify {unknown}
 e - a scroll of teleportation {unknown}
 f - a scroll of poison {unknown}
 n - a scroll of vulnerability {unknown}
 o - a scroll of torment {unknown}
Potions
 c - 2 potions of invisibility
 h - a potion of heal wounds {unknown}
 i - a potion of mutation {unknown}
 k - a potion of ambrosia {unknown}
 l - a potion of flight {unknown}
 m - a potion of attraction {unknown}

Dungeon Overview and Level Annotations

Branches:
Dungeon (3/15)

Altars:

Annotations:
D:2 Robin

.... .... ▒▒▒▒▒▒▒▒▒ .... ...
..... .... .. ...▒▒ ....▒. )..▒
▒...▒▒▒ ▒ ▒..▒ ▒....▒▒.▒▒▒..▒
▒▒▒..▒▒......▒▒▒▒▒▒▒▒▒▒▒▒▒▒▒▒▒▒▒
▒...........gOg....<..........
▒▒...▒.▒▒▒.▒▒▒▒▒▒▒▒▒▒▒▒▒▒▒▒▒▒▒
▒▒▒▒▒...▒ ▒▒)▒▒▒▒▒▒▒▒▒▒
......▒...▒▒...........▒
▒▒........▒▒...........▒
▒.▒▒▒▒▒▒..............▒ ▒.▒
.)..▒............▒ ▒.▒ .▒▒
▒▒...........▒▒▒▒▒ ▒>.
....▒▒▒.▒'▒▒........


You could see Robin and a goblin (strong).


Message History

You feel sick.
You barely miss Robin.
Robin is lightly wounded.
You feel sick. The goblin hits you with a +0 dagger.
* * * LOW HITPOINT WARNING * * *
Robin hits you with a +0 mace.
* * * LOW HITPOINT WARNING * * *
You barely miss Robin.
Robin is lightly wounded.
You feel sick. The goblin hits you with a +0 dagger.
* * * LOW HITPOINT WARNING * * *
Robin closely misses you.
You hit Robin but do no damage.
Robin is lightly wounded.
You feel sick.
You are no longer poisoned.
The goblin hits you but does no damage. Robin hits you but does no damage.
You hit Robin but do no damage.
Robin is lightly wounded.
The goblin hits you with a +0 dagger.
* * * LOW HITPOINT WARNING * * *
Robin hits you with a +0 mace.
* * * LOW HITPOINT WARNING * * *
You hit Robin but do no damage.
Robin is lightly wounded.
The goblin hits you with a +0 dagger.
You die...

Action                   |  1- 3 |  4- 6 || total
-------------------------+-------+-------++-------
Melee: Dagger            |   244 |    45 ||   289
       Punch             |     1 |       ||     1
 Stab: Sleeping          |     4 |       ||     4
Armor: Robe              |    81 |    15 ||    96
Dodge: Dodged            |   109 |    13 ||   122

Levels and vault maps discovered:
D:1:      saegor_arrival_fortress, layout_basic,
          shapermc_ecumenical_altar_starsandcircs
D:2:      layout_basic, minmay_lizard_king, uniq_jessica, uniq_robin
D:3:      layout_loops_ring, mainiacjoe_overflow_six_doors_small, serial_shops,
          nicolae_shop_advertising_works [nicolae_subvault_shop_adworks],
          minmay_stone_trees_medium, uniq_natasha

Notes
Turn   | Place    | Note
-------+----------+-------------------------------------------
     0 | D:1      | sanka the Ogre Enchanter began the quest for the Orb.
     0 | D:1      | Reached XP level 1. HP: 16/16 MP: 3/3
    99 | D:1      | Reached skill level 1 in Fighting
   265 | D:1      | Reached skill level 2 in Fighting
   265 | D:1      | Reached XP level 2. HP: 28/28 MP: 5/5
   574 | D:1      | Reached skill level 3 in Fighting
   851 | D:1      | Found a faded altar of an unknown god.
   896 | D:1      | Reached XP level 3. HP: 14/37 MP: 6/6
  1702 | D:2      | Reached skill level 4 in Fighting
  2170 | D:2      | Noticed Robin
  2211 | D:2      | Reached XP level 4. HP: 39/49 MP: 7/7
  2387 | D:2      | You are sucked into a shaft and drop 1 floor!
  2631 | D:2      | HP: 2/49 [Robin/+0 mace (6)]
  2632 | D:2      | Slain by a goblin

Vanquished Creatures
  An adder (D:2)
  A dart slug (D:2)
  2 ball pythons (D:1)
  A bat (D:1)
  2 endoplasms (D:1)
  6 giant cockroaches (D:1)
  7 goblins (D:2)
  8 hobgoblins
  2 jackals (D:1)
  2 quokkas (D:1)
  10 frilled lizards
  7 kobolds
49 creatures vanquished.

Vanquished Creatures (others)
  6 plants (D:2)
6 creatures vanquished.

Grand Total: 55 creatures vanquished
